 Dungeon Crawl Stone Soup version 0.31-a0-152-g6aa68a64a1 (webtiles) character file.

Game seed: 6803087208128668673

55 Hajna the Magician (level 3, -1/25 HPs)
             Began as a Demonspawn Hedge Wizard on June 10, 2023.
             Was a Follower of Dithmenos.
             Slain by a worm (11 damage)
             ... on level 2 of the Dungeon.
             The game lasted 00:08:48 (1100 turns).

Hajna the Magician (Demonspawn Hedge Wizard)        Turns: 1100, Time: 00:08:48

Health: -1/25      AC:  2    Str: 10    XL:     3   Next: 67%
Magic:  8/8        EV: 12    Int: 15    God:    Dithmenos [*.....]
Gold:   32         SH:  0    Dex: 14    Spells: 5/9 levels left

rFire   . . .        g - +0 rapier
rCold   . . .        (no shield)
rNeg    . . .        b - +0 robe
rPois   .            c - +0 hat
rElec   .            (no cloak)
rCorr   .            (no gloves)
SInv    .            (no boots)
Will    .....        (no amulet)
Stlth   ++           (no ring)
HPRegen 0.24/turn    (no ring)
MPRegen 0.22/turn

%: no passive effects
@: wreathed by umbra
A: magic regeneration
a: Renounce Religion


You were on level 2 of the Dungeon.
You worshipped Dithmenos.
Dithmenos was aware of your devotion.
You visited 1 branch of the dungeon, and saw 2 of its levels.

You collected 32 gold pieces.

Inventory:

Hand Weapons
 a - a +0 dagger
 g - a +0 rapier (weapon)
Armour
 b - a +0 robe (worn)
 c - a +0 hat (worn)
Wands
 f - a wand of flame (13)
Scrolls
 h - a scroll of torment
 i - a scroll of fog {unknown}
 j - a scroll of immolation
Potions
 d - a potion of magic
 e - 2 potions of might


   Skills:
 + Level 0.4 Fighting
 + Level 1.1 Short Blades
 + Level 2.1 Dodging
 + Level 1.9 Stealth
 + Level 3.6 Spellcasting
 + Level 1.6 Conjurations
 + Level 1.1 Summonings
 + Level 0.8 Translocations


You had 5 spell levels left.
You knew the following spells:

 Your Spells              Type           Power      Damage    Failure   Level
a - Magic Dart            Conj           28%        1d4       10%         1
b - Slow                  Hex            8%         N/A       19%         1
c - Call Imp              Summ           12%        N/A       17%         2

Your spell library contained the following spells:

 Spells                   Type           Power      Damage    Failure   Level
 Blink                    Tloc           10%        N/A       21%         2
 Cigotuvi's Dreadful Rot  Necr/Pois/Air  4%         N/A       28%         2
 Mephitic Cloud           Conj/Pois/Air  4%         N/A       41%         3
 Manifold Assault         Tloc           5%         N/A       78%         4
 Storm Form               Tmut/Air       1%         N/A       100%        7


Dungeon Overview and Level Annotations

Branches:
Dungeon (2/15)

Altars:
Dithmenos


Innate Abilities, Weirdness & Mutations

You regenerate magic rapidly.


Message History

Aiming: Magic Dart (safe; 10% risk of failure)
Press: ? - help, Shift-Dir - straight line, f - worm
Aim: a worm (asleep, ally target, 100% to hit)
The magic dart hits the worm.
The worm is lightly wounded.
Your cerulean imp hits the worm but does no damage.
Your cerulean imp completely misses the worm.
Your cerulean imp hits the worm but does no damage.
The worm bites your cerulean imp!
Your cerulean imp barely misses the worm.
Your cerulean imp barely misses the worm.
The worm misses your cerulean imp.
Your cerulean imp hits the worm but does no damage.
Your cerulean imp closely misses the worm.
The worm bites your cerulean imp.
Your cerulean imp dies!
Your cerulean imp disappears in a puff of smoke!
The worm closely misses you.
You hit the worm.
The worm is lightly wounded.
You hit the worm.
The worm is lightly wounded.
The worm barely misses you.
You barely miss the worm.
The worm is lightly wounded.
The worm closely misses you.
You hit the worm. Your punch misses the worm.
The worm is heavily wounded.
You barely miss the worm.
The worm is heavily wounded.
The worm bites you.
You hit the worm.
The worm is severely wounded.
The worm bites you!
You hit the worm but do no damage.
The worm is severely wounded.
You hit the worm.
The worm is almost dead.
The worm bites you!
You die...

#.#######.#
$.
#.........#
#########.#
#.# #.# #.#
#.#
#.#######..
#..@w......
###########


You could see a worm.

Vanquished Creatures
  2 adders (D:2)
  2 endoplasms (D:2)
  A giant cockroach (D:2)
  3 goblins
  4 hobgoblins (D:1)
  2 jackals (D:2)
  A quokka (D:2)
  A ball python (D:2)
  A bat (D:2)
  5 frilled lizards
  4 kobolds
  A rat (D:2)
27 creatures vanquished.

Vanquished Creatures (collateral kills)
  An adder (D:2)
  A jackal (D:2)
2 creatures vanquished.

Grand Total: 29 creatures vanquished

Notes
Turn   | Place    | Note
-------+----------+-------------------------------------------
     0 | D:1      | Hajna the Demonspawn Hedge Wizard began the quest for the
                  | Orb.
     0 | D:1      | Reached XP level 1. HP: 13/13 MP: 4/4
     2 | D:1      | Learned a level 1 spell: Slow
    67 | D:1      | Found a faded altar of an unknown god.
   106 | D:1      | Prayed at the altar of an unknown god.
   106 | D:1      | Became a worshipper of Dithmenos the Shadowed
   106 | D:1      | Reached * piety under Dithmenos
   270 | D:1      | Gained mutation: You regenerate magic rapidly. [demonic
                  | ancestry]
   270 | D:1      | Reached XP level 2. HP: 19/19 MP: 3/6
   679 | D:2      | Reached XP level 3. HP: 24/24 MP: 3/7
   682 | D:2      | Learned a level 2 spell: Call Imp
   748 | D:2      | Reached skill level 1 in Short Blades
  1100 | D:2      | Slain by a worm

Illustrated notes

Levels and vault maps discovered:
D:1:      minmay_arrival_hallway, layout_rooms,
          shapermc_ecumenical_altar_mp_highgroup
D:2:      layout_basic, lemuel_flame_loot_1

Skill      XL: |  1  2  3 |
---------------+----------+-----
Dodging        | 2 |  2.1
Short Blades   | 1 |  1.1
Fighting       | |  0.4
Stealth        | |  1.9
Spellcasting   | |  3.6
Conjurations   | |  1.6
Summonings     | |  1.1
Translocations | |  0.8

Action                     || total
---------------------------++-------
  Melee: Dagger            ||    28
         Rapier            ||    52
         Punch             ||     1
   Cast: Magic Dart        ||    43
         Call Imp          ||     3
    Use: Scroll            ||     4
         Potion            ||     1
 Armour: Robe              ||     9
  Dodge: Dodged            ||    80

Table legend: (Time is in decaauts)
 A = Elapsed time spent in this place.
 B = Non-inter-level travel time spent in this place.
 C = Inter-level travel time spent in this place.
 D = Time resting spent in this place.
 E = Time spent auto-exploring this place.
 F = Levels seen in this place.
 G = Mean time per level.
                   A        B        C        D        E       F      G
               +--------+--------+--------+--------+--------+-----+--------+
         Total |   1106 |    624 |    482 |      0 |    252 |   2 |  553.0 |
       Dungeon |   1106 |    624 |    482 |      0 |    252 |   2 |  553.0 |
               +--------+--------+--------+--------+--------+-----+--------+

Top non-repeatable levels by time:
     D:2: 662 daAuts
     D:1: 444 daAuts
